Map: Glittering Ashes LE

Players

Trap

  • Race: Protoss Protoss

Serral - Winner!

  • Race: Zerg Zerg

Event: TSL 8

VOD

Have the link to the VOD?

Description

Time

  • Played on: Dec. 12, 2021, 9:38 a.m.
  • Length: 9:57

All games in this series

Show
View Real Time Build Order
Export as new Build Order

Trap Protoss 

Build Orders: 1 Gate Expand, Oracle Opening, Carriers 

Get SALT Encoding   

  12  0:00  Probe  
  13  0:13  Pylon  
  13  0:17  Probe (Chrono Boost)  
  14  0:26  Probe (Chrono Boost)  
  15  0:31  Probe (Chrono Boost)  
  16  0:41  Gateway  
  16  0:43  Probe  
  17  0:50  Assimilator  
  17  0:55  Probe  
  18  1:07  Probe  
  19  1:19  Probe  
  19  1:25  Nexus  
  20  1:35  Cybernetics Core  
  20  1:38  Probe  
  21  1:46  Assimilator  
  21  1:50  Probe  
  21  1:53  Pylon  
  22  2:02  Probe (Chrono Boost)  
  23  2:12  Adept  
  23  2:14  Probe (Chrono Boost)  
  26  2:18  Stargate  
  26  2:22  Probe (Chrono Boost)  
  27  2:29  Warp Gate  
  27  2:30  Probe (Chrono Boost)  
  28  2:37  Probe (Chrono Boost)  
  28  2:42  Adept  
  32  2:46  Probe x2 (Chrono Boost)  
  32  2:51  Probe (Chrono Boost)  
  32  2:52  Void Ray (Chrono Boost), Probe  
  34  3:04  Probe x2  
  40  3:11  Pylon  
  40  3:16  Probe  
  40  3:17  Probe  
  42  3:21  Gateway  
  42  3:25  Oracle (Chrono Boost)  
  42  3:31  Probe x2  
  47  3:43  Probe x2  
  49  3:49  Nexus  
  49  3:52  Pylon  
  50  3:55  Probe  
  50  3:56  Probe  
  50  4:02  Assimilator  
  51  4:03  Assimilator  
  51  4:07  Probe  
  51  4:08  Probe  
  53  4:12  Pylon  
  53  4:17  Stargate  
  53  4:19  Probe  
  53  4:20  Probe  
  55  4:29  Protoss Air Weapons Level 1  
  55  4:32  Void Ray, Probe  
  55  4:33  Probe  
  55  4:35  Forge  
  57  4:40  Pylon  
  57  4:44  Probe (Chrono Boost)  
  57  4:45  Probe (Chrono Boost)  
  63  4:46  Shield Battery  
  63  4:56  Void Ray, Probe (Chrono Boost)  
  63  4:57  Probe (Chrono Boost)  
  65  5:02  Probe (Chrono Boost)  
  65  5:03  Probe (Chrono Boost)  
  65  5:05  Robotics Facility  
  65  5:06  Probe (Chrono Boost)  
  72  5:09  Void Ray  
  74  5:15  Probe (Chrono Boost)  
  74  5:16  Probe (Chrono Boost)  
  74  5:17  Probe (Chrono Boost)  
  79  5:22  Probe  
  79  5:23  Probe  
  79  5:27  Assimilator  
  82  5:28  Assimilator, Probe  
  82  5:29  Pylon  
  82  5:34  Probe  
  82  5:35  Probe  
  84  5:40  Probe  
  84  5:42  Pylon  
  85  5:45  Pylon  
  85  5:46  Probe  
  85  5:47  Probe  
  85  5:48  Fleet Beacon  
  85  5:49  Stargate  
  87  5:55  Zealot  
  87  5:56  Zealot  
  91  5:57  Probe  
  91  5:58  Probe  
  91  5:59  Probe  
  91  6:01  Robotics Bay  
  94  6:07  Observer  
  94  6:09  Probe  
  94  6:10  Probe  
  97  6:11  Probe  
  97  6:12  Pylon  
  98  6:21  Photon Cannon  
  98  6:29  Nexus  
  98  6:30  Observer, Pylon  
  99  6:36  Shield Battery  
  99  6:38  Pylon  
  99  6:45  Carrier x2 (Chrono Boost)  
  111  6:53  Photon Cannon  
  111  6:54  Photon Cannon  
  111  6:55  Carrier (Chrono Boost)  
  117  7:02  Disruptor (Chrono Boost)  
  117  7:08  Photon Cannon  
  120  7:10  Shield Battery  
  120  7:12  Shield Battery  
  120  7:14  Probe x2  
  120  7:15  Probe  
  123  7:16  Pylon  
  123  7:19  Photon Cannon  
  123  7:20  Photon Cannon  
  123  7:29  Flux Vanes  
  123  7:30  Shield Battery  
  123  7:34  Photon Cannon  
  123  7:35  Photon Cannon  
  123  7:36  Disruptor  
  126  7:38  Protoss Ground Weapons Level 1  
  126  7:46  Carrier (Chrono Boost)  
  126  7:51  Carrier (Chrono Boost)  
  126  7:56  Assimilator  
  132  7:59  Assimilator  
  132  8:03  Photon Cannon, Carrier (Chrono Boost)  
  138  8:11  Gateway  
  138  8:13  Gateway  
  138  8:19  Twilight Council  
  144  8:24  Gateway  
  144  8:26  Gateway  
  144  8:30  Gateway  
  144  8:31  Disruptor (Chrono Boost)  
  144  8:37  Void Ray  
  147  8:42  Photon Cannon  
  147  8:45  Shield Battery  
  147  8:46  Zealot, Void Ray, Shield Battery  
  153  8:49  Sentry  
  149  8:57  Void Ray  
  145  9:05  Zealot  
  141  9:15  Stalker x3  
  124  9:22  Zealot x2  
Show
View Real Time Build Order
Export as new Build Order

Serral Zerg - Winner!

Build Orders: Hatch First 

Get SALT Encoding   

  12  0:00  Drone  
  13  0:12  Overlord  
  13  0:16  Drone  
  14  0:31  Drone x2  
  16  0:44  Drone  
  17  0:51  Hatchery  
  17  0:54  Drone  
  17  0:57  Drone  
  18  1:08  Extractor  
  17  1:13  Spawning Pool  
  17  1:16  Drone  
  17  1:19  Drone  
  18  1:27  Drone  
  19  1:38  Drone  
  20  1:49  Overlord  
  20  2:00  Queen  
  22  2:02  Queen  
  22  2:03  Zergling x4  
  26  2:11  Drone  
  26  2:13  Metabolic Boost  
  26  2:15  Drone  
  28  2:21  Drone  
  29  2:24  Drone  
  30  2:38  Queen  
  32  2:44  Hatchery  
  32  2:49  Drone x2  
  33  2:52  Overlord  
  33  2:54  Drone  
  33  2:56  Drone  
  33  2:58  Drone  
  36  3:04  Overlord  
  36  3:10  Queen  
  38  3:14  Drone x2  
  38  3:15  Drone  
  38  3:17  Drone  
  42  3:24  Drone x2  
  42  3:25  Drone  
  45  3:27  Queen  
  45  3:32  Overlord  
  45  3:34  Drone  
  48  3:35  Drone  
  48  3:40  Overlord  
  49  3:51  Zergling x6  
  49  3:53  Spore Crawler  
  50  3:57  Spore Crawler  
  50  3:58  Drone x4  
  50  4:01  Queen  
  55  4:03  Zergling x2  
  55  4:08  Drone  
  57  4:11  Drone x2  
  57  4:12  Drone x2  
  61  4:17  Zergling x2, Overlord  
  61  4:20  Drone  
  63  4:27  Drone, Spore Crawler  
  63  4:29  Drone  
  63  4:33  Overlord  
  63  4:36  Lair  
  63  4:37  Drone  
  63  4:38  Drone x3  
  67  4:39  Drone  
  67  4:40  Extractor  
  67  4:44  Extractor  
  66  4:47  Roach Warren  
  66  4:49  Drone x2  
  67  4:53  Zergling x2, Queen  
  67  4:54  Overlord  
  67  4:56  Drone x2  
  67  4:57  Drone  
  67  4:58  Drone  
  67  4:59  Drone  
  75  5:02  Drone  
  75  5:06  Drone  
  77  5:08  Drone  
  77  5:13  Extractor  
  77  5:15  Drone x4  
  77  5:20  Hatchery, Extractor  
  79  5:21  Extractor  
  79  5:23  Drone x4  
  79  5:24  Evolution Chamber  
  79  5:27  Drone x2  
  83  5:36  Overlord  
  83  5:37  Glial Reconstitution  
  83  5:38  Drone, Spire  
  83  5:39  Drone x2  
  83  5:42  Overlord  
  85  5:46  Drone x2  
  85  5:48  Overlord  
  85  5:49  Queen  
  89  5:54  Queen  
  89  5:56  Queen  
  93  6:02  Infestation Pit  
  93  6:03  Drone x4  
  95  6:04  Drone  
  95  6:07  Drone x3  
  95  6:09  Drone  
  100  6:12  Drone x3  
  100  6:16  Zerg Missile Weapons Level 1  
  102  6:19  Drone x5  
  102  6:21  Overseer  
  106  6:26  Overlord  
  106  6:27  Drone x2, Extractor  
  106  6:28  Extractor  
  106  6:36  Drone x3  
  109  6:41  Overlord  
  109  6:43  Spore Crawler  
  109  6:46  Zergling x10  
  113  6:50  Zerg Flyer Armor Level 1  
  113  6:58  Overlord x7  
  113  7:03  Zergling x12  
  118  7:22  Hive  
  118  7:28  Corruptor x10  
  138  7:38  Corruptor  
  138  7:39  Corruptor x3  
  145  7:47  Overlord  
  145  7:49  Corruptor x3  
  151  7:52  Overlord  
  151  7:54  Drone  
  151  7:55  Corruptor x2  
  151  7:58  Corruptor  
  158  8:07  Corruptor x2  
  158  8:10  Roach x3  
  158  8:11  Roach x2  
  158  8:12  Roach  
  174  8:15  Roach x2  
  174  8:16  Roach  
  180  8:20  Corruptor  
  180  8:24  Corruptor  
  184  8:31  Corruptor  
  184  8:33  Zergling x12, Roach x3  
  198  8:37  Ravager  
  198  8:40  Hatchery  
  198  8:43  Ravager  
  192  9:09  Roach x10  
  183  9:20  Roach x8  
Tags
 
Add a new tag
Caveats
  • Supply blocks, unpowered buildings, or Contaminate may cause inaccurate times.
  • Supply counts are checked every 10 seconds.